Avalanche vs Blues
Created - July 17, 2022 at 20:00
Goals
|
| Avalanche |
1 |
4 |
2 |
7 |
| Blues |
1 |
1 |
1 |
3 |
|
Shots
|
| Avalanche |
13 |
13 |
6 |
32 |
| Blues |
17 |
10 |
4 |
31 |
|
1st period
1. Avalanche , Tomas Fleischmann 4 (Ilya Kovalchuk 5, Joel Edmundson 1) at 4:08
2. Blues , Anthony Mantha 1 (Cody Ceci 2) at 11:23
Penalties :
Ryan Murray (Stl) for Hooking (Minor) at 11:47, Colten Teubert (Col) for High sticking (Minor) at 16:31
2nd period
3. Avalanche , James Van Riemsdyk 3 (Evgeny Dadonov 2, Vincent Trocheck 1) at 2:56
4. Avalanche , Mikkel Boedker 4 (Jack Johnson 4, Bryan Little 7) at 4:24
5. Blues , Matt Martin 3 (Anthony Mantha 2, Drew Shore 4) at 6:34
6. Avalanche , Luke Witkowski 4 (Jack Johnson 5, Marc Staal 4) at 13:29
7. Avalanche , Mikkel Boedker 5 (Bryan Little 8, Erik Karlsson 1) at 13:37
Penalties :
Cody Ceci (Stl) for Interference (Minor) at 19:08
3rd period
8. Avalanche , Ilya Kovalchuk 3 (Charlie Coyle 5) at 6:49
9. Blues , Nicklas Backstrom 4 (Alex Pietrangelo 6, Filip Forsberg 4) at 7:07
10. Avalanche , Mikkel Boedker 6 (Patric Hornqvist 4, Bryan Little 9) at 16:38
Penalties :
Patric Hornqvist (Col) for Roughing (Minor) at 3:19, Alex Pietrangelo (Stl) for Hooking (Minor) at 11:46, Filip Forsberg (Stl) for Fighting (Major) at 19:00, Tomas Fleischmann (Col) for Fighting (Major) at 19:00, Bryan Little (Col) for Elbowing (Minor) at 19:23
Goalie Stats
Semyon Varlamov (Col), 28 saves from 31 shots - (0.903), W, 4-0-0, 60:00 minutes
Carey Price (Stl), 19 saves from 24 shots - (0.792), L, 4-2-0, 33:37 minutes
Joonas Korpisalo (Stl), 6 saves from 8 shots - (0.750), 26:23 minutes
Players Stats for Avalanche
Player Name G A P +/- PIM S H SB GA TA FO MP PP MP PK MP
------------------------------------------------------------------------------------
Bryan Little 0 3 3 2 2 2 1 0 1 0 17/34 20:28 3:33 0:15
Charlie Coyle 0 1 1 1 0 1 1 0 0 2 9/17 18:39 2:24 2:36
Colten Teubert 0 0 0 3 2 0 4 1 1 3 0/0 20:22 2:23 1:07
Erik Karlsson 0 1 1 3 0 1 2 1 0 2 0/0 19:53 3:34 0:00
Evgeny Dadonov 0 1 1 0 0 3 0 0 0 0 0/0 11:33 0:00 0:00
Ilya Kovalchuk 1 1 2 1 0 4 2 0 0 0 0/0 18:39 2:24 2:36
Jack Johnson 0 2 2 2 0 3 0 1 1 1 0/0 26:03 3:34 2:48
James Van Riemsdyk 1 0 1 0 0 1 1 1 0 0 0/0 15:30 2:06 1:19
Joel Edmundson 0 1 1 -1 0 0 2 2 1 0 0/0 14:21 0:00 1:46
Luke Witkowski 1 0 1 1 0 3 2 0 0 0 1/1 7:46 0:00 0:39
Marc Staal 0 1 1 2 0 3 0 2 1 1 0/0 25:46 2:23 2:48
Martin Samuelsson 0 0 0 1 0 0 0 1 0 0 0/1 9:19 0:00 1:43
Mattias Ekholm 0 0 0 -1 0 1 0 2 0 1 0/0 14:03 0:00 0:39
Mikkel Boedker 3 0 3 2 0 4 3 0 1 0 1/1 20:13 3:33 0:00
Patric Hornqvist 0 1 1 2 2 2 1 0 0 0 1/2 20:13 3:33 0:00
Pavel Buchnevich 0 0 0 1 0 0 0 0 0 0 1/2 7:25 0:18 0:00
Tomas Fleischmann 1 0 1 1 5 3 0 0 1 0 0/0 13:36 0:00 0:00
Vincent Trocheck 0 1 1 0 0 1 2 0 0 0 5/7 11:33 0:00 0:00
Players Stats for Blues
Player Name G A P +/- PIM S H SB GA TA FO MP PP MP PK MP
------------------------------------------------------------------------------------
Alex Pietrangelo 0 1 1 -3 2 4 0 2 2 2 0/0 26:35 3:27 1:32
Anthony Mantha 1 1 2 2 0 3 1 0 1 0 0/0 11:42 0:22 0:00
Auston Matthews 0 0 0 2 0 1 3 0 0 0 1/4 12:44 1:48 0:00
Brandon Montour 0 0 0 -2 0 2 0 1 0 1 0/0 13:28 1:33 0:35
Cody Ceci 0 1 1 1 2 1 1 2 0 1 0/0 19:14 0:05 2:30
David Perron 0 0 0 -2 0 2 4 0 0 0 0/0 18:12 1:48 0:44
Devin Shore 0 0 0 -2 0 3 4 0 1 1 3/8 15:50 0:02 0:04
Drew Shore 0 1 1 0 0 0 2 0 1 0 2/6 9:50 0:00 3:20
Filip Forsberg 0 1 1 -4 5 2 1 1 1 0 0/2 18:29 2:24 0:08
Jacob Slavin 0 0 0 1 0 0 2 0 0 1 0/0 22:28 3:01 2:39
Ladislav Smid 0 0 0 -2 0 0 0 1 0 1 0/0 14:30 0:00 2:39
Matt Martin 1 0 1 2 0 1 0 0 0 0 0/0 10:56 0:00 0:00
Nicklas Backstrom 1 0 1 -4 0 5 1 0 0 0 22/38 19:02 2:44 0:00
Patrick Kaleta 0 0 0 0 0 0 0 0 0 0 0/0 7:47 0:00 1:24
Riley Sheahan 0 0 0 -2 0 2 2 0 2 0 2/3 18:51 1:48 1:24
Ryan Murray 0 0 0 -3 2 1 0 1 0 0 0/0 23:51 1:02 1:59
Samuel Morin 0 0 0 0 0 0 0 0 0 0 0/0 7:50 0:00 1:26
Tyler Johnson 0 0 0 -4 0 4 0 0 2 0 0/4 22:40 2:46 3:24
3 Stars
1 - Mikkel Boedker (Col)
2 - Ilya Kovalchuk (Col)
3 - Bryan Little (Col)
Power Play
Avalanche - 0 on 3 Attempt(s) - 0.00%
Blues - 0 on 3 Attempt(s) - 0.00%
Penalty Kill
Avalanche - 3 on 3 Attempt(s) - 100.00%
- Score 0 goal in Penalty Kill
Blues - 3 on 3 Attempt(s) - 100.00%
- Score 0 goal in Penalty Kill
Team Stat
Avalanche - Hits : 21 - Faceoff Wins : 35 - Blocked Shots : 11 - Penalty Minutes : 11
Blues - Hits : 21 - Faceoff Wins : 30 - Blocked Shots : 8 - Penalty Minutes : 11
Official
Referees : Gord Dwyer and Mitch Dunning
Linesman : Derek Amell and Vaughan Rody
Game Notes
Joonas Korpisalo enters game at 13:37 of 2nd period
Mikkel Boedker has scored a Hat Trick!
Filip Forsberg beats up Tomas Fleischmann at 19:00 of 3rd period
Finance
Level 1 -- Attendance: 6000 (100.00%) -- Ticket Income $600,000
Level 2 -- Attendance: 5000 (100.00%) -- Ticket Income $300,000
Level 3 -- Attendance: 2000 (100.00%) -- Ticket Income $70,000
Level 4 -- Attendance: 4000 (100.00%) -- Ticket Income $100,000
Luxury Box -- Attendance: 1000 (100.00%) -- Ticket Income $200,000
Game was played at the Enterprise Center.
Total Attendance: 18000 (100.00%)
Total Ticket Income: $1,270,000
Other Income: $190,500
Total Income: $1,460,500
Avalanche
5 vs 5 Forward
Center Left Wing Right Wing Time % Phy DF OF
1 Bryan Little Mikkel Boedker Patric Hornqvist 40 1 2 2
2 Charlie Coyle Tomas Fleischmann Ilya Kovalchuk 30 1 2 2
3 Vincent Trocheck James Van Riemsdyk Evgeny Dadonov 20 1 2 2
4 Pavel Buchnevich Martin Samuelsson Luke Witkowski 10 1 2 2
5 vs 5 Defense
Defense Defense Time % Phy DF OF
1 Jack Johnson Marc Staal 40 1 2 2
2 Erik Karlsson Colten Teubert 35 1 2 2
3 Joel Edmundson Mattias Ekholm 25 1 2 2
4 Jack Johnson Marc Staal 0 1 2 2
PowerPlay Forward
Center Left Wing Right Wing Time % Phy DF OF
1 Bryan Little Mikkel Boedker Patric Hornqvist 60 1 2 2
2 Charlie Coyle James Van Riemsdyk Ilya Kovalchuk 40 1 2 2
PowerPlay Defense
Defense Defense Time % Phy DF OF
1 Jack Johnson Erik Karlsson 60 1 2 2
2 Marc Staal Colten Teubert 40 1 2 2
Penalty Kill 4 Players Forward
Center Wing Time % Phy DF OF
1 Charlie Coyle Ilya Kovalchuk 60 1 2 2
2 Luke Witkowski Martin Samuelsson 40 1 2 2
Penalty Kill 4 Players Defense
Defense Defense Time % Phy DF OF
1 Jack Johnson Marc Staal 60 1 2 2
2 Joel Edmundson Colten Teubert 40 1 2 2
Penalty Kill - 3 Players Forward
Forward Time % Phy DF OF
1 Mikkel Boedker 60 1 2 2
2 Patric Hornqvist 40 1 2 2
Penalty Kill - 3 Players Defense
Defense Defense Time % Phy DF OF
1 Jack Johnson Marc Staal 60 1 2 2
2 Erik Karlsson Colten Teubert 40 1 2 2
4 vs 4 Forward
Center Wing Time % Phy DF OF
1 Mikkel Boedker Patric Hornqvist 60 1 2 2
2 Bryan Little Ilya Kovalchuk 40 1 2 2
4 vs 4 Defense
Defense Defense Time % Phy DF OF
1 Jack Johnson Marc Staal 60 1 2 2
2 Erik Karlsson Colten Teubert 40 1 2 2
Last Minutes Offensive
Center Left Wing Right Wing Defense Defense
Bryan Little Mikkel Boedker Patric Hornqvist Jack Johnson Erik Karlsson
Last Minutes Defensive
Center Left Wing Right Wing Defense Defense
Charlie Coyle Mikkel Boedker Luke Witkowski Jack Johnson Marc Staal
Goaltenders
Starting : Semyon Varlamov
Backup : Cam Ward
Extra Forwards
Normal : Pavel Buchnevich, Evgeny Dadonov, Martin Samuelsson - PP : Pavel Buchnevich, Evgeny Dadonov - PK : Martin Samuelsson
Extra Defensemen
Normal : Joel Edmundson, Mattias Ekholm, Erik Karlsson - PP : Joel Edmundson - PK : Mattias Ekholm, Erik Karlsson
Penalty Shots
Mikkel Boedker, Patric Hornqvist, Bryan Little, Ilya Kovalchuk, Charlie Coyle
Scratches
Kyle Turris (Healthy)
Blues
5 vs 5 Forward
Center Left Wing Right Wing Time % Phy DF OF
1 Nicklas Backstrom Filip Forsberg Tyler Johnson 40 1 2 2
2 Devin Shore David Perron Riley Sheahan 30 1 2 2
3 Auston Matthews Matt Martin Anthony Mantha 20 1 2 2
4 Drew Shore Samuel Morin Patrick Kaleta 10 1 2 2
5 vs 5 Defense
Defense Defense Time % Phy DF OF
1 Alex Pietrangelo Ryan Murray 40 1 2 2
2 Jacob Slavin Cody Ceci 30 1 2 2
3 Ladislav Smid Brandon Montour 20 1 2 2
4 Ryan Murray Alex Pietrangelo 10 1 2 2
PowerPlay Forward
Center Left Wing Right Wing Time % Phy DF OF
1 Nicklas Backstrom Filip Forsberg Tyler Johnson 60 1 2 2
2 Auston Matthews David Perron Riley Sheahan 40 1 2 2
PowerPlay Defense
Defense Defense Time % Phy DF OF
1 Alex Pietrangelo Jacob Slavin 60 1 2 2
2 Brandon Montour Ryan Murray 40 1 2 2
Penalty Kill 4 Players Forward
Center Wing Time % Phy DF OF
1 Drew Shore Tyler Johnson 60 1 2 2
2 Riley Sheahan Patrick Kaleta 40 1 2 2
Penalty Kill 4 Players Defense
Defense Defense Time % Phy DF OF
1 Cody Ceci Ryan Murray 60 1 2 2
2 Ladislav Smid Jacob Slavin 40 1 2 2
Penalty Kill - 3 Players Forward
Forward Time % Phy DF OF
1 Riley Sheahan 60 1 2 2
2 Drew Shore 40 1 2 2
Penalty Kill - 3 Players Defense
Defense Defense Time % Phy DF OF
1 Cody Ceci Ladislav Smid 60 1 2 2
2 Ryan Murray Jacob Slavin 40 1 2 2
4 vs 4 Forward
Center Wing Time % Phy DF OF
1 Nicklas Backstrom Filip Forsberg 60 1 2 2
2 Drew Shore Tyler Johnson 40 1 2 2
4 vs 4 Defense
Defense Defense Time % Phy DF OF
1 Alex Pietrangelo Cody Ceci 60 1 2 2
2 Brandon Montour Ryan Murray 40 1 2 2
Last Minutes Offensive
Center Left Wing Right Wing Defense Defense
Nicklas Backstrom Filip Forsberg Tyler Johnson Alex Pietrangelo Jacob Slavin
Last Minutes Defensive
Center Left Wing Right Wing Defense Defense
Drew Shore David Perron Tyler Johnson Cody Ceci Ryan Murray
Goaltenders
Starting : Carey Price
Backup : Joonas Korpisalo
Extra Forwards
Normal : Anthony Mantha, Auston Matthews, Samuel Morin - PP : Anthony Mantha, Devin Shore - PK : Samuel Morin
Extra Defensemen
Normal : Ladislav Smid, Brandon Montour, Jacob Slavin - PP : Brandon Montour - PK : Alex Pietrangelo, Brandon Montour
Penalty Shots
David Perron, Auston Matthews, Devin Shore, Filip Forsberg, Tyler Johnson
Scratches
Linus Omark (Healthy), Peter Regin (Healthy)
% Time on Ice - Avalanche
Lines # - Real PCT - Wanted PCT - Time Play
Normal Forward
1 - 35% - 40% - 17:10
2 - 28% - 30% - 13:39
3 - 23% - 20% - 11:33
4 - 14% - 10% - 7:07
Normal Defense
1 - 40% - 40% - 19:41
2 - 35% - 35% - 17:13
3 - 25% - 25% - 12:35
4 - 0% - 0% - 0:00
PP Forward
1 - 60% - 60% - 3:33
2 - 40% - 40% - 2:24
PP Defense
1 - 60% - 60% - 3:34
2 - 40% - 40% - 2:23
PK Forward
1 - 86% - 60% - 3:55
2 - 14% - 40% - 0:39
PK Defense
1 - 61% - 60% - 2:48
2 - 39% - 40% - 1:46
PK3 Forward
1 - 0% - 60%
2 - 0% - 40%
PK3 Defense
1 - 0% - 60%
2 - 0% - 40%
44 Forward
1 - 0% - 60%
2 - 0% - 40%
44 Defense
1 - 0% - 60%
2 - 0% - 40%
Last Minute Offensive - 0:00
Last Minute Defensive - 0:00
Total
Forward - 60:00
Defense - 60:00
|
% Time on Ice - Blues
Lines # - Real PCT - Wanted PCT - Time Play
Normal Forward
1 - 33% - 40% - 16:31
2 - 32% - 30% - 15:39
3 - 22% - 20% - 10:56
4 - 13% - 10% - 6:23
Normal Defense
1 - 40% - 40% - 19:59
2 - 34% - 30% - 16:46
3 - 21% - 20% - 10:13
4 - 5% - 10% - 2:31
PP Forward
1 - 61% - 60% - 2:46
2 - 39% - 40% - 1:48
PP Defense
1 - 77% - 60% - 3:32
2 - 23% - 40% - 1:02
PK Forward
1 - 76% - 60% - 4:33
2 - 24% - 40% - 1:24
PK Defense
1 - 55% - 60% - 3:18
2 - 45% - 40% - 2:39
PK3 Forward
1 - 0% - 60%
2 - 0% - 40%
PK3 Defense
1 - 0% - 60%
2 - 0% - 40%
44 Forward
1 - 0% - 60%
2 - 0% - 40%
44 Defense
1 - 0% - 60%
2 - 0% - 40%
Last Minute Offensive - 0:00
Last Minute Defensive - 0:00
Total
Forward - 60:00
Defense - 60:00
|
Play-by-Play
1st period
0:01 of 1st period - Nicklas Backstrom wins face-off versus Bryan Little in neutral zone.
1:22 of 1st period - Slapshot by Pavel Buchnevich.
1:22 of 1st period - Shot Misses the Net.
1:24 of 1st period - Snap shot by Martin Samuelsson.
1:24 of 1st period - Shot Misses the Net.
2:18 of 1st period - Wrist shot by Ilya Kovalchuk.
2:18 of 1st period - Stopped by Carey Price with a rebound.
2:20 of 1st period - Snap shot by Tomas Fleischmann.
2:20 of 1st period - Stopped by Carey Price with a rebound.
2:22 of 1st period - Snap shot by Jack Johnson.
2:22 of 1st period - Stopped by Carey Price without a rebound.
2:23 of 1st period - Bryan Little wins face-off versus Auston Matthews in Blues zone.
3:14 of 1st period - Wrist shot by Auston Matthews.
3:14 of 1st period - Stopped by Semyon Varlamov with a rebound.
3:16 of 1st period - Slapshot by Brandon Montour.
3:16 of 1st period - Stopped by Semyon Varlamov without a rebound.
3:17 of 1st period - Nicklas Backstrom wins face-off versus Vincent Trocheck in Avalanche zone.
3:22 of 1st period - Snap shot by Filip Forsberg.
3:22 of 1st period - Deflect By Tyler Johnson.
3:22 of 1st period - Shot Misses the Net.
3:22 of 1st period - Puck is out of play.
3:23 of 1st period - Nicklas Backstrom wins face-off versus Vincent Trocheck in Avalanche zone.
3:24 of 1st period - Wrist shot by Filip Forsberg.
3:24 of 1st period - Shot Misses the Net.
3:30 of 1st period - Snap shot by Nicklas Backstrom.
3:30 of 1st period - Shot Misses the Net.
3:32 of 1st period - Wrist shot by Ryan Murray.
3:32 of 1st period - Shot Blocked by Marc Staal.
3:34 of 1st period - Slapshot by Alex Pietrangelo.
3:34 of 1st period - Shot Misses the Net.
3:36 of 1st period - Wrist shot by Tyler Johnson.
3:36 of 1st period - Stopped by Semyon Varlamov without a rebound.
3:37 of 1st period - Charlie Coyle wins face-off versus Filip Forsberg in Avalanche zone.
3:44 of 1st period - Snap shot by Tomas Fleischmann.
3:44 of 1st period - Stopped by Carey Price without a rebound.
3:45 of 1st period - Charlie Coyle wins face-off versus Nicklas Backstrom in Blues zone.
4:00 of 1st period - Wrist shot by Ilya Kovalchuk.
4:00 of 1st period - Shot Misses the Net.
4:02 of 1st period - Snap shot by Ilya Kovalchuk.
4:02 of 1st period - Shot Misses the Net.
4:04 of 1st period - Slapshot by Joel Edmundson.
4:04 of 1st period - Shot Blocked by Ryan Murray.
4:06 of 1st period - Snap shot by Ilya Kovalchuk.
4:06 of 1st period - Stopped by Carey Price with a rebound.
4:08 of 1st period - Snap shot by Tomas Fleischmann.
4:08 of 1st period - Goal by Tomas Fleischmann - Avalanche : 1 - Blues : 0.
4:09 of 1st period - Vincent Trocheck wins face-off versus Devin Shore in neutral zone.
4:36 of 1st period - Ryan Murray is hit by Mikkel Boedker and loses puck.
4:42 of 1st period - Off-side.
4:43 of 1st period - Bryan Little wins face-off versus Nicklas Backstrom in neutral zone.
4:48 of 1st period - Snap shot by Mikkel Boedker.
4:48 of 1st period - Shot Misses the Net.
4:50 of 1st period - Slapshot by Erik Karlsson.
4:50 of 1st period - Shot Misses the Net.
4:52 of 1st period - Slapshot by Colten Teubert.
4:52 of 1st period - Shot Blocked by Ladislav Smid.
4:54 of 1st period - Snap shot by Patric Hornqvist.
4:54 of 1st period - Stopped by Carey Price without a rebound.
4:55 of 1st period - Luke Witkowski wins face-off versus Devin Shore in Blues zone.
4:58 of 1st period - Wrist shot by Luke Witkowski.
4:58 of 1st period - Shot Misses the Net.
5:00 of 1st period - Slapshot by Jack Johnson.
5:00 of 1st period - Shot Misses the Net.
5:02 of 1st period - Wrist shot by Jack Johnson.
5:02 of 1st period - Shot Misses the Net.
5:08 of 1st period - Wrist shot by Martin Samuelsson.
5:08 of 1st period - Deflect By Luke Witkowski.
5:08 of 1st period - Stopped by Carey Price without a rebound.
5:09 of 1st period - Devin Shore wins face-off versus Bryan Little in Blues zone.
5:09 of 1st period - Devin Shore is hit by Mikkel Boedker.
6:05 of 1st period - Wrist shot by Patrick Kaleta.
6:05 of 1st period - Shot Blocked by Colten Teubert.
6:25 of 1st period - Slapshot by Alex Pietrangelo.
6:25 of 1st period - Deflect By Anthony Mantha.
6:25 of 1st period - Shot Blocked by Jack Johnson.
6:25 of 1st period - Puck is out of play.
6:26 of 1st period - Bryan Little wins face-off versus Devin Shore in Avalanche zone.
6:26 of 1st period - Bryan Little is hit by Devin Shore.
7:42 of 1st period - Snap shot by Anthony Mantha.
7:42 of 1st period - Shot Blocked by Mattias Ekholm.
7:44 of 1st period - Wrist shot by Anthony Mantha.
7:44 of 1st period - Shot Blocked by Joel Edmundson.
7:46 of 1st period - Slapshot by Cody Ceci.
7:46 of 1st period - Stopped by Semyon Varlamov without a rebound.
7:47 of 1st period - Bryan Little wins face-off versus Nicklas Backstrom in Avalanche zone.
8:15 of 1st period - Snap shot by Riley Sheahan.
8:15 of 1st period - Stopped by Semyon Varlamov without a rebound.
8:16 of 1st period - Devin Shore wins face-off versus Charlie Coyle in Avalanche zone.
8:37 of 1st period - Marc Staal is hit by Devin Shore and loses puck.
9:04 of 1st period - Wrist shot by Ilya Kovalchuk.
9:04 of 1st period - Shot Blocked by Brandon Montour.
9:06 of 1st period - Snap shot by Charlie Coyle.
9:06 of 1st period - Shot Misses the Net.
9:08 of 1st period - Snap shot by Jack Johnson.
9:08 of 1st period - Stopped by Carey Price with a rebound.
9:10 of 1st period - Wrist shot by Charlie Coyle.
9:10 of 1st period - Shot Hit the Post.
9:14 of 1st period - Wrist shot by Ilya Kovalchuk.
9:14 of 1st period - Shot Misses the Net.
9:28 of 1st period - Slapshot by Ilya Kovalchuk.
9:28 of 1st period - Stopped by Carey Price with a rebound.
9:51 of 1st period - Snap shot by Ilya Kovalchuk.
9:51 of 1st period - Deflect By Charlie Coyle.
9:51 of 1st period - Stopped by Carey Price with a rebound.
9:53 of 1st period - Slapshot by Jack Johnson.
9:53 of 1st period - Shot Misses the Net.
9:55 of 1st period - Slapshot by Marc Staal.
9:55 of 1st period - Shot Misses the Net.
9:57 of 1st period - Snap shot by Marc Staal.
9:57 of 1st period - Stopped by Carey Price without a rebound.
9:58 of 1st period - Nicklas Backstrom wins face-off versus Patric Hornqvist in Blues zone.
10:07 of 1st period - Wrist shot by Filip Forsberg.
10:07 of 1st period - Shot Misses the Net.
10:09 of 1st period - Wrist shot by Ryan Murray.
10:09 of 1st period - Stopped by Semyon Varlamov with a rebound.
10:11 of 1st period - Snap shot by Filip Forsberg.
10:11 of 1st period - Stopped by Semyon Varlamov with a rebound.
10:13 of 1st period - Wrist shot by Tyler Johnson.
10:13 of 1st period - Shot Misses the Net.
10:15 of 1st period - Slapshot by Ryan Murray.
10:15 of 1st period - Shot Misses the Net.
10:25 of 1st period - Alex Pietrangelo is hit by James Van Riemsdyk and loses puck.
11:05 of 1st period - Wrist shot by Mikkel Boedker.
11:05 of 1st period - Shot Blocked by Cody Ceci.
11:23 of 1st period - Wrist shot by Anthony Mantha.
11:23 of 1st period - Goal by Anthony Mantha - Avalanche : 1 - Blues : 1.
11:24 of 1st period - Bryan Little wins face-off versus Nicklas Backstrom in neutral zone.
11:47 of 1st period - Minor Penalty to Ryan Murray for Hooking.
11:48 of 1st period - Drew Shore wins face-off versus Bryan Little in Blues zone.
13:36 of 1st period - Bryan Little is hit by Cody Ceci and loses puck.
13:47 of 1st period - Penalty to Ryan Murray is over, Ryan Murray is back on ice.
13:59 of 1st period - Ryan Murray is hit by Luke Witkowski and loses puck.
14:18 of 1st period - Wrist shot by David Perron.
14:18 of 1st period - Shot Misses the Net.
14:20 of 1st period - Snap shot by Devin Shore.
14:20 of 1st period - Shot Blocked by James Van Riemsdyk.
14:22 of 1st period - Snap shot by Alex Pietrangelo.
14:22 of 1st period - Stopped by Semyon Varlamov without a rebound.
14:23 of 1st period - Charlie Coyle wins face-off versus Nicklas Backstrom in Avalanche zone.
14:23 of 1st period - Charlie Coyle is hit by Filip Forsberg.
14:49 of 1st period - Martin Samuelsson is hit by Auston Matthews.
14:57 of 1st period - Wrist shot by Anthony Mantha.
14:57 of 1st period - Stopped by Semyon Varlamov without a rebound.
14:58 of 1st period - Bryan Little wins face-off versus Tyler Johnson in Avalanche zone.
15:05 of 1st period - Snap shot by Bryan Little.
15:05 of 1st period - Stopped by Carey Price with a rebound.
16:12 of 1st period - Snap shot by Patric Hornqvist.
16:12 of 1st period - Deflect By Mikkel Boedker.
16:12 of 1st period - Shot Misses the Net.
16:12 of 1st period - Puck is out of play.
16:13 of 1st period - Nicklas Backstrom wins face-off versus Bryan Little in Blues zone.
16:31 of 1st period - Minor Penalty to Colten Teubert for High sticking.
16:32 of 1st period - Nicklas Backstrom wins face-off versus Charlie Coyle in Avalanche zone.
16:32 of 1st period - Snap shot by Alex Pietrangelo.
16:32 of 1st period - Stopped by Semyon Varlamov with a rebound.
16:34 of 1st period - Backhand shot by Alex Pietrangelo.
16:34 of 1st period - Shot Blocked by Mattias Ekholm.
16:36 of 1st period - Slapshot by Filip Forsberg.
16:36 of 1st period - Shot Blocked by Joel Edmundson.
16:44 of 1st period - Slapshot by Tyler Johnson.
16:44 of 1st period - Stopped by Semyon Varlamov with a rebound.
16:46 of 1st period - Slapshot by Nicklas Backstrom.
16:46 of 1st period - Shot Misses the Net.
16:48 of 1st period - Wrist shot by Filip Forsberg.
16:48 of 1st period - Stopped by Semyon Varlamov with a rebound.
16:58 of 1st period - Jacob Slavin is hit by Ilya Kovalchuk and loses puck.
17:21 of 1st period - Ilya Kovalchuk is hit by Auston Matthews and loses puck.
17:31 of 1st period - Icing by David Perron.
17:32 of 1st period - Nicklas Backstrom wins face-off versus Martin Samuelsson in Blues zone.
18:01 of 1st period - Slapshot by Alex Pietrangelo.
18:01 of 1st period - Deflect By James Van Riemsdyk.
18:01 of 1st period - Stopped by Semyon Varlamov with a rebound.
18:03 of 1st period - Slapshot by Alex Pietrangelo.
18:03 of 1st period - Shot Misses the Net.
18:31 of 1st period - Penalty to Colten Teubert is over, Colten Teubert is back on ice.
18:35 of 1st period - Wrist shot by Filip Forsberg.
18:35 of 1st period - Shot Blocked by Marc Staal.
18:37 of 1st period - Snap shot by Nicklas Backstrom.
18:37 of 1st period - Stopped by Semyon Varlamov with a rebound.
18:41 of 1st period - Slapshot by Nicklas Backstrom.
18:41 of 1st period - Stopped by Semyon Varlamov with a rebound.
18:59 of 1st period - Slapshot by Tyler Johnson.
18:59 of 1st period - Stopped by Semyon Varlamov without a rebound.
19:00 of 1st period - Bryan Little wins face-off versus Devin Shore in Avalanche zone.
19:00 of 1st period - Bryan Little is hit by Devin Shore.
19:26 of 1st period - Mattias Ekholm is hit by Anthony Mantha and loses puck.
Goals for this period are 1 for Avalanche vs 1 for Blues.
Shots for this period are 13 for Avalanche vs 17 for Blues.
2nd period
0:01 of 2nd period - Nicklas Backstrom wins face-off versus Bryan Little in neutral zone.
0:33 of 2nd period - David Perron is hit by Vincent Trocheck and loses puck.
1:00 of 2nd period - Slapshot by Matt Martin.
1:00 of 2nd period - Shot Misses the Net.
1:02 of 2nd period - Slapshot by Ryan Murray.
1:02 of 2nd period - Shot Misses the Net.
1:04 of 2nd period - Snap shot by Anthony Mantha.
1:04 of 2nd period - Deflect By Auston Matthews.
1:04 of 2nd period - Shot Misses the Net.
1:04 of 2nd period - Puck is out of play.
1:05 of 2nd period - Nicklas Backstrom wins face-off versus Bryan Little in Avalanche zone.
1:12 of 2nd period - Slapshot by Colten Teubert.
1:12 of 2nd period - Shot Misses the Net.
1:20 of 2nd period - Slapshot by Mikkel Boedker.
1:20 of 2nd period - Stopped by Carey Price with a rebound.
1:22 of 2nd period - Slapshot by Erik Karlsson.
1:22 of 2nd period - Stopped by Carey Price without a rebound.
1:23 of 2nd period - Devin Shore wins face-off versus Charlie Coyle in Blues zone.
1:36 of 2nd period - Snap shot by Ilya Kovalchuk.
1:36 of 2nd period - Shot Misses the Net.
2:56 of 2nd period - Snap shot by James Van Riemsdyk.
2:56 of 2nd period - Goal by James Van Riemsdyk - Avalanche : 2 - Blues : 1.
2:57 of 2nd period - Bryan Little wins face-off versus Nicklas Backstrom in neutral zone.
3:05 of 2nd period - Off-side.
3:06 of 2nd period - Nicklas Backstrom wins face-off versus Bryan Little in neutral zone.
3:09 of 2nd period - Backhand shot by Tyler Johnson.
3:09 of 2nd period - Stopped by Semyon Varlamov with a rebound.
3:27 of 2nd period - Wrist shot by Nicklas Backstrom.
3:27 of 2nd period - Stopped by Semyon Varlamov with a rebound.
4:18 of 2nd period - Snap shot by Patric Hornqvist.
4:18 of 2nd period - Stopped by Carey Price with a rebound.
4:20 of 2nd period - Snap shot by Bryan Little.
4:20 of 2nd period - Shot Misses the Net.
4:22 of 2nd period - Slapshot by Jack Johnson.
4:22 of 2nd period - Shot Blocked by Alex Pietrangelo.
4:24 of 2nd period - Wrist shot by Mikkel Boedker.
4:24 of 2nd period - Goal by Mikkel Boedker - Avalanche : 3 - Blues : 1.
4:25 of 2nd period - Charlie Coyle wins face-off versus Auston Matthews in neutral zone.
4:52 of 2nd period - Joel Edmundson is hit by David Perron and loses puck.
5:49 of 2nd period - Jack Johnson is hit by Riley Sheahan and loses puck.
6:32 of 2nd period - Snap shot by Anthony Mantha.
6:32 of 2nd period - Stopped by Semyon Varlamov with a rebound.
6:34 of 2nd period - Snap shot by Matt Martin.
6:34 of 2nd period - Goal by Matt Martin - Avalanche : 3 - Blues : 2.
6:35 of 2nd period - Bryan Little wins face-off versus Nicklas Backstrom in neutral zone.
7:49 of 2nd period - Slapshot by Alex Pietrangelo.
7:49 of 2nd period - Shot Misses the Net.
8:15 of 2nd period - Wrist shot by Mikkel Boedker.
8:15 of 2nd period - Shot Blocked by Filip Forsberg.
8:47 of 2nd period - Joel Edmundson is hit by David Perron.
9:40 of 2nd period - Nicklas Backstrom is hit by Patric Hornqvist and loses puck.
9:51 of 2nd period - Anthony Mantha is hit by Charlie Coyle and loses puck.
10:24 of 2nd period - Snap shot by David Perron.
10:24 of 2nd period - Stopped by Semyon Varlamov without a rebound.
10:25 of 2nd period - Nicklas Backstrom wins face-off versus Bryan Little in Avalanche zone.
10:30 of 2nd period - Snap shot by Tyler Johnson.
10:30 of 2nd period - Shot Misses the Net.
10:32 of 2nd period - Slapshot by Brandon Montour.
10:32 of 2nd period - Stopped by Semyon Varlamov with a rebound.
11:13 of 2nd period - Snap shot by James Van Riemsdyk.
11:13 of 2nd period - Shot Blocked by Cody Ceci.
11:17 of 2nd period - Wrist shot by Evgeny Dadonov.
11:17 of 2nd period - Stopped by Carey Price with a rebound.
11:19 of 2nd period - Slapshot by Mattias Ekholm.
11:19 of 2nd period - Shot Misses the Net.
11:21 of 2nd period - Backhand shot by Joel Edmundson.
11:21 of 2nd period - Shot Misses the Net.
11:34 of 2nd period - Off-side.
11:35 of 2nd period - Pavel Buchnevich wins face-off versus Drew Shore in neutral zone.
11:44 of 2nd period - Slapshot by Jack Johnson.
11:44 of 2nd period - Stopped by Carey Price with a rebound.
12:02 of 2nd period - Backhand shot by Tomas Fleischmann.
12:02 of 2nd period - Deflect By Ilya Kovalchuk.
12:02 of 2nd period - Shot Blocked by Alex Pietrangelo.
12:02 of 2nd period - Puck is out of play.
12:03 of 2nd period - Charlie Coyle wins face-off versus Nicklas Backstrom in Blues zone.
12:44 of 2nd period - Slapshot by Marc Staal.
12:44 of 2nd period - Deflect By Devin Shore.
12:44 of 2nd period - Stopped by Carey Price with a rebound.
12:46 of 2nd period - Snap shot by Bryan Little.
12:46 of 2nd period - Shot Misses the Net.
12:56 of 2nd period - Cody Ceci is hit by Luke Witkowski and loses puck.
13:17 of 2nd period - Wrist shot by Devin Shore.
13:17 of 2nd period - Shot Misses the Net.
13:29 of 2nd period - Snap shot by Luke Witkowski.
13:29 of 2nd period - Goal by Luke Witkowski - Avalanche : 4 - Blues : 2.
13:30 of 2nd period - Bryan Little wins face-off versus Nicklas Backstrom in neutral zone.
13:35 of 2nd period - Wrist shot by Bryan Little.
13:35 of 2nd period - Stopped by Carey Price with a rebound.
13:37 of 2nd period - Wrist shot by Mikkel Boedker.
13:37 of 2nd period - Goal by Mikkel Boedker - Avalanche : 5 - Blues : 2.
13:37 of 2nd period - Joonas Korpisalo enters game.
13:38 of 2nd period - Nicklas Backstrom wins face-off versus Bryan Little in neutral zone.
14:38 of 2nd period - Slapshot by Evgeny Dadonov.
14:38 of 2nd period - Stopped by Joonas Korpisalo without a rebound.
14:39 of 2nd period - Bryan Little wins face-off versus Nicklas Backstrom in Blues zone.
15:06 of 2nd period - Ladislav Smid is hit by Colten Teubert and loses puck.
15:17 of 2nd period - Ilya Kovalchuk is hit by David Perron.
15:23 of 2nd period - Alex Pietrangelo is hit by Colten Teubert and loses puck.
15:32 of 2nd period - Snap shot by Devin Shore.
15:32 of 2nd period - Stopped by Semyon Varlamov without a rebound.
15:33 of 2nd period - Vincent Trocheck wins face-off versus Nicklas Backstrom in Avalanche zone.
15:38 of 2nd period - Off-side.
15:39 of 2nd period - Bryan Little wins face-off versus Nicklas Backstrom in neutral zone.
16:09 of 2nd period - Icing by Anthony Mantha.
16:10 of 2nd period - Auston Matthews wins face-off versus Charlie Coyle in Blues zone.
16:52 of 2nd period - Off-side.
16:53 of 2nd period - Nicklas Backstrom wins face-off versus Bryan Little in neutral zone.
16:58 of 2nd period - Snap shot by Nicklas Backstrom.
16:58 of 2nd period - Stopped by Semyon Varlamov without a rebound.
16:59 of 2nd period - Nicklas Backstrom wins face-off versus Bryan Little in Avalanche zone.
17:26 of 2nd period - Wrist shot by David Perron.
17:26 of 2nd period - Stopped by Semyon Varlamov with a rebound.
17:28 of 2nd period - Snap shot by Devin Shore.
17:28 of 2nd period - Stopped by Semyon Varlamov without a rebound.
17:29 of 2nd period - Vincent Trocheck wins face-off versus Riley Sheahan in Avalanche zone.
18:46 of 2nd period - David Perron is hit by Vincent Trocheck and loses puck.
19:03 of 2nd period - Wrist shot by Evgeny Dadonov.
19:03 of 2nd period - Shot Misses the Net.
19:05 of 2nd period - Snap shot by Mattias Ekholm.
19:05 of 2nd period - Deflect By David Perron.
19:05 of 2nd period - Stopped by Joonas Korpisalo without a rebound.
19:06 of 2nd period - Nicklas Backstrom wins face-off versus Bryan Little in Blues zone.
19:08 of 2nd period - Minor Penalty to Cody Ceci for Interference.
19:09 of 2nd period - Drew Shore wins face-off versus Bryan Little in Blues zone.
19:09 of 2nd period - Drew Shore is hit by Erik Karlsson.
Goals for this period are 4 for Avalanche vs 1 for Blues.
Shots for this period are 13 for Avalanche vs 10 for Blues.
3rd period
0:01 of 3rd period - Bryan Little wins face-off versus Tyler Johnson in neutral zone.
0:31 of 3rd period - Snap shot by Riley Sheahan.
0:31 of 3rd period - Stopped by Semyon Varlamov without a rebound.
0:32 of 3rd period - Riley Sheahan wins face-off versus Charlie Coyle in Avalanche zone.
1:03 of 3rd period - Patric Hornqvist is hit by Drew Shore and loses puck.
1:08 of 3rd period - Penalty to Cody Ceci is over, Cody Ceci is back on ice.
1:26 of 3rd period - Snap shot by Luke Witkowski.
1:26 of 3rd period - Stopped by Joonas Korpisalo without a rebound.
1:27 of 3rd period - Nicklas Backstrom wins face-off versus Charlie Coyle in Blues zone.
1:27 of 3rd period - Nicklas Backstrom is hit by Joel Edmundson.
2:20 of 3rd period - Slapshot by Vincent Trocheck.
2:20 of 3rd period - Stopped by Joonas Korpisalo with a rebound.
2:33 of 3rd period - Icing by Jacob Slavin.
2:34 of 3rd period - Riley Sheahan wins face-off versus Pavel Buchnevich in Blues zone.
3:19 of 3rd period - Minor Penalty to Patric Hornqvist for Roughing.
3:20 of 3rd period - Nicklas Backstrom wins face-off versus Charlie Coyle in Avalanche zone.
3:23 of 3rd period - Snap shot by Nicklas Backstrom.
3:23 of 3rd period - Shot Misses the Net.
4:50 of 3rd period - Alex Pietrangelo is hit by Colten Teubert and loses puck.
5:19 of 3rd period - Penalty to Patric Hornqvist is over, Patric Hornqvist is back on ice.
5:32 of 3rd period - Drew Shore is hit by Colten Teubert and loses puck.
5:53 of 3rd period - Off-side.
5:54 of 3rd period - Vincent Trocheck wins face-off versus Drew Shore in neutral zone.
6:17 of 3rd period - Erik Karlsson is hit by Devin Shore and loses puck.
6:45 of 3rd period - Backhand shot by Marc Staal.
6:45 of 3rd period - Stopped by Joonas Korpisalo without a rebound.
6:46 of 3rd period - Charlie Coyle wins face-off versus Tyler Johnson in Blues zone.
6:49 of 3rd period - Slapshot by Ilya Kovalchuk.
6:49 of 3rd period - Goal by Ilya Kovalchuk - Avalanche : 6 - Blues : 2.
6:50 of 3rd period - Patric Hornqvist wins face-off versus Nicklas Backstrom in neutral zone.
7:05 of 3rd period - Wrist shot by Alex Pietrangelo.
7:05 of 3rd period - Shot Hit the Post.
7:07 of 3rd period - Snap shot by Nicklas Backstrom.
7:07 of 3rd period - Goal by Nicklas Backstrom - Avalanche : 6 - Blues : 3.
7:08 of 3rd period - Bryan Little wins face-off versus Tyler Johnson in neutral zone.
8:04 of 3rd period - Snap shot by Matt Martin.
8:04 of 3rd period - Deflect By Auston Matthews.
8:04 of 3rd period - Shot Blocked by Erik Karlsson.
8:04 of 3rd period - Puck is out of play.
8:05 of 3rd period - Nicklas Backstrom wins face-off versus Bryan Little in Avalanche zone.
9:27 of 3rd period - Charlie Coyle is hit by Nicklas Backstrom and loses puck.
9:52 of 3rd period - Icing by Colten Teubert.
9:53 of 3rd period - Nicklas Backstrom wins face-off versus Charlie Coyle in Avalanche zone.
9:54 of 3rd period - Slapshot by Alex Pietrangelo.
9:54 of 3rd period - Stopped by Semyon Varlamov without a rebound.
9:55 of 3rd period - Nicklas Backstrom wins face-off versus Bryan Little in Avalanche zone.
9:58 of 3rd period - Snap shot by Nicklas Backstrom.
9:58 of 3rd period - Shot Misses the Net.
10:41 of 3rd period - Snap shot by David Perron.
10:41 of 3rd period - Shot Misses the Net.
10:43 of 3rd period - Snap shot by Devin Shore.
10:43 of 3rd period - Shot Blocked by Martin Samuelsson.
10:45 of 3rd period - Wrist shot by Devin Shore.
10:45 of 3rd period - Stopped by Semyon Varlamov with a rebound.
11:06 of 3rd period - Off-side.
11:07 of 3rd period - Mikkel Boedker wins face-off versus Drew Shore in neutral zone.
11:34 of 3rd period - Mikkel Boedker is hit by Drew Shore and loses puck.
11:40 of 3rd period - Off-side.
11:41 of 3rd period - Charlie Coyle wins face-off versus Filip Forsberg in neutral zone.
11:44 of 3rd period - Slapshot by Ilya Kovalchuk.
11:44 of 3rd period - Shot Misses the Net.
11:46 of 3rd period - Minor Penalty to Alex Pietrangelo for Hooking.
11:47 of 3rd period - Bryan Little wins face-off versus Drew Shore in Blues zone.
12:04 of 3rd period - Tyler Johnson is hit by Erik Karlsson and loses puck.
13:01 of 3rd period - Jacob Slavin is hit by Ilya Kovalchuk and loses puck.
13:46 of 3rd period - Penalty to Alex Pietrangelo is over, Alex Pietrangelo is back on ice.
14:05 of 3rd period - Luke Witkowski is hit by David Perron and loses puck.
14:45 of 3rd period - Brandon Montour is hit by Joel Edmundson and loses puck.
15:28 of 3rd period - Ilya Kovalchuk is hit by Jacob Slavin and loses puck.
15:50 of 3rd period - Icing by Mattias Ekholm.
15:51 of 3rd period - Vincent Trocheck wins face-off versus Auston Matthews in Avalanche zone.
16:30 of 3rd period - Snap shot by Evgeny Dadonov.
16:30 of 3rd period - Stopped by Joonas Korpisalo without a rebound.
16:31 of 3rd period - Bryan Little wins face-off versus Nicklas Backstrom in Blues zone.
16:36 of 3rd period - Snap shot by Mikkel Boedker.
16:36 of 3rd period - Shot Misses the Net.
16:38 of 3rd period - Wrist shot by Mikkel Boedker.
16:38 of 3rd period - Goal by Mikkel Boedker - Avalanche : 7 - Blues : 3.
16:39 of 3rd period - Nicklas Backstrom wins face-off versus Bryan Little in neutral zone.
17:11 of 3rd period - Tomas Fleischmann is hit by Riley Sheahan.
17:14 of 3rd period - Off-side.
17:15 of 3rd period - Bryan Little wins face-off versus Devin Shore in neutral zone.
18:30 of 3rd period - Anthony Mantha is hit by Bryan Little and loses puck.
18:55 of 3rd period - Wrist shot by Charlie Coyle.
18:55 of 3rd period - Deflect By Ilya Kovalchuk.
18:55 of 3rd period - Shot Misses the Net.
18:55 of 3rd period - Puck is out of play.
18:56 of 3rd period - Charlie Coyle wins face-off versus Nicklas Backstrom in Blues zone.
19:00 of 3rd period - Filip Forsberg beats up Tomas Fleischmann.
19:00 of 3rd period - Penalty to Filip Forsberg for Fighting.
19:00 of 3rd period - Penalty to Tomas Fleischmann for Fighting.
19:01 of 3rd period - Nicklas Backstrom wins face-off versus Bryan Little in Blues zone.
19:01 of 3rd period - Nicklas Backstrom is hit by Mikkel Boedker.
19:23 of 3rd period - Minor Penalty to Bryan Little for Elbowing.
19:24 of 3rd period - Charlie Coyle wins face-off versus Nicklas Backstrom in Avalanche zone.
19:24 of 3rd period - Charlie Coyle is hit by Jacob Slavin.
19:50 of 3rd period - Marc Staal is hit by Auston Matthews and loses puck.
Goals for this period are 2 for Avalanche vs 1 for Blues.
Shots for this period are 6 for Avalanche vs 4 for Blues.